AoeStats
← URL

Lombardia

508178399Analyzed
3v3 RM · 12d ago on Sep 21, 2026· 60m 4s· 6 players
Game mode
Random Map
Map size
Normal (6 player)
Population
200
Speed
Normal
Resources
Standard
Victory
Conquest
Starting age
Dark Age
Ending age
Imperial Age
RankedLock teamsTeams togetherTeam positionsShared explorationLock speedFull tech treeHidden civsTurbo modeCheats
Victory
Defeat
🇷🇺 Saracens · Russia
909
+10
🇹🇷 Ethiopians · Türkiye
900
+10
🇱🇹 Malay · Lithuania
838
+12
🇹🇷 Britons · Türkiye
811
-12
🇹🇷 Chinese · Türkiye
778
-11
🇹🇷 Aztecs · Türkiye
704
-9
shamannking1993
4:10 Loom
14:29 Feudal Age
15:33 Double-Bit Axe
15:38 Horse Collar
18:27 Wheelbarrow
18:55 Arson
21:17 Fletching
29:51 Castle Age
30:51 Bodkin Arrow
30:56 Padded Archer Armor
31:48 Hand Cart
33:26 Thumb Ring
URL
0:41 Loom
11:59 Feudal Age
12:21 Double-Bit Axe
13:19 Arson
14:08 Town Watch
17:47 Horse Collar
23:05 Castle Age
22:32 Pikeman
23:14 Squires
23:31 Bow Saw
23:29 Gold Mining
24:17 Heavy Plow
24:57 Stone Mining
26:08 Caravan
28:31 Coinage
28:53 Gold Shaft Mining
29:07 Wheelbarrow
31:08 Stone Shaft Mining
30:51 Padded Archer Armor
32:52 Forging
34:42 Iron Casting
36:46 Imperial Age
35:30 Fletching
35:56 Leather Archer Armor
35:59 Hand Cart
37:00 Conscription
36:19 Elite Karambit Warrior
38:47 Blast Furnace
38:39 Crop Rotation
39:12 Chemistry
38:33 Ballistics
37:48 Halberdier
39:27 Forced Levy
39:46 Heated Shot
41:22 Town Patrol
48:48 Ring Archer Armor
48:14 Bodkin Arrow
52:38 Banking
52:19 Guilds
53:17 Scale Barding Armor
53:13 Bracer
52:59 Treadmill Crane
53:29 Masonry
53:15 Murder Holes
53:26 Siege Engineers
durmazz1
10:15 Feudal Age
14:27 Castle Age
13:15 Double-Bit Axe
13:32 Horse Collar
15:31 Bow Saw
22:35 Elite Skirmisher
25:25 Heavy Plow
27:00 Wheelbarrow
28:09 Fletching
28:38 Hand Cart
32:15 Imperial Age
30:25 Thumb Ring
32:43 Elite Shotel Warrior
33:45 Halberdier
34:26 Squires
34:44 Padded Archer Armor
40:01 Scale Mail Armor
41:28 Forging
44:31 Chain Mail Armor
44:53 Iron Casting
45:07 Bodkin Arrow
46:48 Leather Archer Armor
48:24 Ballistics
49:37 Bracer
52:04 Ring Archer Armor
54:04 Chemistry
54:05 Royal Heirs
56:13 Plate Mail Armor
56:44 Blast Furnace
57:59 Gold Mining
57:59 Stone Mining
BLZ-Chelios-
6:22 Loom
12:49 Feudal Age
13:53 Double-Bit Axe
18:26 Gold Mining
19:04 Forging
19:01 Scale Barding Armor
20:24 Bloodlines
25:45 Castle Age
28:51 Husbandry
32:15 Chain Barding Armor
32:33 Iron Casting
35:04 Stone Mining
35:50 Gold Shaft Mining
35:19 Light Cavalry
37:57 Bow Saw
46:59 Imperial Age
46:44 Thumb Ring
46:51 Fletching
48:18 Cavalier
56:55 Blast Furnace
59:46 Plate Barding Armor
Senickhe55
0:45 Loom
11:37 Feudal Age
12:10 Double-Bit Axe
13:23 Wheelbarrow
12:37 Horse Collar
16:47 Forging
23:57 Castle Age
22:17 Scale Mail Armor
24:06 Eagle Warrior
25:05 Chain Mail Armor
27:41 Iron Casting
28:04 Squires
27:51 Gambesons
27:53 Arson
28:26 Hand Cart
31:20 Heavy Plow
31:37 Bow Saw
32:50 Gold Mining
32:51 Stone Mining
35:46 Ballistics
35:07 Treadmill Crane
35:25 Murder Holes
42:51 Imperial Age
43:55 Conscription
44:01 Garland Wars
43:13 Elite Eagle Warrior
45:58 Chemistry
46:08 Blast Furnace
45:39 Plate Mail Armor
46:36 Crop Rotation
47:57 Atlatl
yuzika
4:28 Loom
11:15 Feudal Age
11:57 Double-Bit Axe
14:49 Wheelbarrow
14:27 Padded Archer Armor
15:47 Fletching
21:44 Town Watch
24:56 Castle Age
23:24 Gold Mining
23:25 Stone Mining
25:04 Crossbowman
26:05 Leather Archer Armor
25:46 Bodkin Arrow
29:22 Bow Saw
29:22 Horse Collar
32:59 Ballistics
32:21 Treadmill Crane
38:56 Masonry
43:53 Imperial Age
41:44 Hand Cart
41:18 Town Watch
42:50 Gold Shaft Mining
44:25 Arbalester
46:11 Two-Man Saw
45:45 Conscription
46:17 Heavy Plow
49:24 Ring Archer Armor
48:55 Bracer
56:07 Town Patrol
Connection lost

Rejoining the realm…

Still unreachable

The connection could not be restored.

Session expired

The server has moved on; the page needs a fresh start.